 Dungeon Crawl Stone Soup version 0.19-a0-36-g4a0968a (webtiles) character file.

474 AlphabetPasta the Sneak (level 6, -10/52 HPs)
             Began as a Minotaur Assassin on May 3, 2016.
             Mangled by Menkaure (21 damage)
             ... on level 4 of the Dungeon.
             The game lasted 00:15:41 (3543 turns).

AlphabetPasta the Sneak (Minotaur Assassin)         Turns: 3543, Time: 00:15:42

Health: -10/52     AC:  5    Str: 16    XL:     6   Next: 84%
Magic:  5/5        EV: 12    Int:  8    God:
Gold:   110        SH:  0    Dex: 13    Spells: 0 memorised, 5 levels left

rFire  . . .     SeeInvis .     a - +2 dagger
rCold  . . .     Gourm    .     n - +2 robe {MR+}
rNeg   . . .     Faith    .     (no shield)
rPois  .         Spirit   .     (helmet restricted)
rElec  .         Dismiss  .     x - +0 cloak
rCorr  .         Reflect  .     (no gloves)
SustAt .         Harm     .     (no boots)
MR     +....                    (no amulet)
Stlth  ++........               (no ring)
                                (no ring)

@: somewhat resistant to hostile enchantments, unstealthy
A: retaliatory headbutt, horns 2
a: no special abilities


You were on level 4 of the Dungeon.
You were not hungry.

You visited 1 branch of the dungeon, and saw 4 of its levels.

You collected 110 gold pieces.

Inventory:

Hand Weapons
 a - a +2 dagger (weapon)
 b - a +0 blowgun
 j - a +0 dagger of protection
 w - a +0 morningstar of protection
Missiles
 e - 7 poisoned needles
 f - 2 curare-tipped needles
Armour
 c - a +0 robe
 d - a +0 cloak
 n - a +2 robe of magic resistance (worn)
 x - a +0 cloak (worn)
Jewellery
 y - an uncursed ring of stealth {unknown}
Wands
 q - a wand of iceblast (9/15)
Scrolls
 l - a scroll of remove curse {unknown}
Potions
 h - a potion of degeneration {unknown}
 o - a potion of ambrosia
 u - a potion of agility {unknown}
 v - a potion of lignification {unknown}
 z - a potion of flight {unknown}
 B - a potion of might {unknown}
Comestibles
 g - 2 bread rations
 i - 2 meat rations
 m - 4 chunks of flesh
 t - 2 slices of pizza
 A - 2 fruits


   Skills:
 + Level 4.1 Fighting
 * Level 4.1 Short Blades
 + Level 2.8 Throwing
 + Level 3.1 Armour
 + Level 2.5 Dodging
 * Level 4.5 Stealth
 + Level 1.1 Evocations


You had 5 spell levels left.
You didn't know any spells.

Dungeon Overview and Level Annotations

Branches:
Dungeon (4/15)
 Temple: D:4-7

Altars:
Vehumet

Annotations:
D:4 Menkaure


Innate Abilities, Weirdness & Mutations

You reflexively headbutt those who attack you in melee.
You have a pair of horns on your head.


Message History

e - 7 poisoned needles (gained 2)
You open the door.
Menkaure, Prince of Dust comes into view.
Menkaure shouts!
Menkaure hums, "It doesn't hurt if you pull your brain out of your nose yourself."
Menkaure gestures wildly while chanting.
Menkaure seems to speed up.
Found a club.
There is an open door here.
Menkaure calls on the powers of darkness!
Your body is wracked with pain!
Menkaure hits you!!
* * * LOW HITPOINT WARNING * * *
Drink which item? (? for menu, Esc to quit)
You feel better. Menkaure hits you!!
* * * LOW HITPOINT WARNING * * *
Menkaure misses you.
Drink which item? (? for menu, Esc to quit)
You feel better. Menkaure hits you!!
You die...

###.. ..)...........# #..
.^.....# ..............# #..
###.......#...........M...# #..
..........#...............# #..
....##..#....88####Z#######. #..
....##..#...8PP............. #..
........# ................. #..
...##...#####'#####...#########..
................@Z...............
.####............M..........!<...
.#.....#...####.###...####.......
.#.##.####.# #..<........(......
.# #......# #........###.÷.....
.##.#####..# #........###.....#.
. .........# #.####.....#.#...##
#.#####.## #.##.......#÷#...#.
#.# #.#........#)#...#.


You could see Menkaure and a giant cockroach zombie.

Vanquished Creatures
  An ogre (D:4)
  Blork the orc (D:4)
  A centaur zombie (D:4)
  A giant frog skeleton (D:4)
  An orc priest (D:3)
  Ijyb (D:2)
  A worker ant (D:4)
  A hound zombie (D:4)
  A worker ant zombie (D:4)
  6 adders
  2 adder skeletons (D:4)
  2 dart slugs (D:3)
  3 giant geckos
  13 orcs
  5 bats
  3 giant cockroaches
  8 hobgoblins
  8 jackals
  2 quokkas
  A ball python (D:2)
  2 giant cockroach zombies (D:4)
  5 giant newts
  11 goblins
  6 kobolds
  A quokka zombie (D:4)
  3 rats
90 creatures vanquished.

Notes
Turn   | Place    | Note
--------------------------------------------------------------
     0 | D:1      | AlphabetPasta the Minotaur Assassin began the quest for the Orb.
     0 | D:1      | Reached XP level 1. HP: 18/18 MP: 0/0
   148 | D:1      | Reached XP level 2. HP: 21/25 MP: 1/1
   162 | D:1      | Reached skill level 1 in Armour
   667 | D:2      | Reached XP level 3. HP: 30/30 MP: 2/2
  1203 | D:2      | Reached XP level 4. HP: 37/37 MP: 3/3
  1280 | D:2      | Noticed Ijyb
  1287 | D:2      | Killed Ijyb
  1740 | D:3      | Reached XP level 5. HP: 18/45 MP: 4/4
  2363 | D:3      | Found a radiant altar of Vehumet.
  2694 | D:4      | Noticed an ogre
  2712 | D:4      | Killed an ogre
  2712 | D:4      | Reached skill level 1 in Evocations
  2712 | D:4      | Reached XP level 6. HP: 41/51 MP: 5/5
  3042 | D:4      | Noticed Blork the orc
  3482 | D:4      | Killed Blork the orc
  3532 | D:4      | Noticed Menkaure
  3541 | D:4      | HP: 1/52 [Menkaure (19)]
  3543 | D:4      | Mangled by Menkaure

Vault maps used:
D:1:      matt_arrival_los_fun, hangedman_abyss_or_decor_stabs, minivault_27
D:2:      hex_tiny, st_stairs_14, uniq_iyjb
D:3:      corexii_shack_village, old_standard_altar
D:4:      serial_undead, serial_undead_d, serial_undead_c, serial_undead_c,
          serial_undead_a, serial_undead_a, uniq_menkaure, uniq_blork_the_orc

Skill      XL: |  1  2  3  4  5  6 |
---------------+-------------------+-----
Armour         | 1 2 3 |  3.1
Fighting       | 3 4 |  4.1
Short Blades   | 3 4 |  4.1
Stealth        | 4 |  4.5
Dodging        | 2 |  2.5
Evocations     | 1 |  1.1
Throwing       | |  2.8

Action                   |  1- 3 |  4- 6 || total
-------------------------+-------+-------++-------
Melee: Dagger            |    65 |   162 ||   227
       Headbutt          |     3 |    23 ||    26
 Fire: Blowgun           |    12 |    11 ||    23
  Use: Scroll            |       |     8 ||     8
       Potion            |       |     2 ||     2
 Stab: Sleeping          |     6 |    11 ||    17
       Distracted        |       |     1 ||     1
  Eat: Chunk             |     1 |     6 ||     7
       Fruit             |       |     1 ||     1
Armor: Robe              |     5 |    14 ||    19
Dodge: Dodged            |    31 |    78 ||   109
